[Event "Titled Tuesday Blitz August 17 2021"]
[White "Fier, Alexandr"]
[Black "Shapiro, David"]
[WhiteFideId "2107139"]
[BlackFideId "24133523"]
[WhiteElo "2569"]
[BlackElo "2234"]
[Result "1-0"]
[Round "11"]
[TimeControl "180+1"]
[Date "2021.08.17"]
[WhiteClock "0:01:58"]
[BlackClock "0:00:14"]

1. d4 d5 2. Bf4 Nf6 3. Nc3 a6 4. f3 c5 5. e3 Nc6 6. g4 cxd4 7. exd4 Qb6 8. Nge2 e6 9. a3 Bd7 10. Rb1 Rc8 11. Bg2 Be7 12. O-O O-O 13. Kh1 Ne8 14. Be3 Na5 15. f4 Nc4 16. Bg1 Ned6 17. f5 Nxb2 18. Qc1 Ndc4 19. f6 Bxf6 20. Rxf6 gxf6 21. Qh6 Qd8 22. Nf4 Kh8 23. Nh5 Rg8 24. Nxf6 Rg7 25. Rf1 Na4 26. Rf3 Nxc3 27. Rxc3 e5 28. Rh3 Qxf6 29. Qxf6 e4 30. Rh5 1-0


[Site "https://www.chess.com"]

[Event "Titled Tuesday Blitz August 17 2021"]
[White "Franchini, Gabriele"]
[Black "Khodzhamkuliev, Bahadur"]
[WhiteFideId "806790"]
[BlackFideId "24135046"]
[WhiteElo "2215"]
[BlackElo "2130"]
[Result "0-1"]
[Round "11"]
[TimeControl "180+1"]
[Date "2021.08.18"]
[WhiteClock "0:00:40"]
[BlackClock "0:01:13"]

1. e4 Nc6 2. Nf3 d6 3. d4 Nf6 4. Nc3 g6 5. h3 Bg7 6. Be2 O-O 7. O-O e5 8. Be3 exd4 9. Nxd4 Bd7 10. Qd2 Re8 11. f3 Nh5 12. Nxc6 bxc6 13. Bg5 Bf6 14. Bxf6 Qxf6 15. f4 Ng3 16. Rf3 Nxe4 17. Nxe4 Rxe4 18. Bd3 Qxb2 19. Rd1 Re7 20. Qa5 Qb6+ 21. Qxb6 axb6 22. Bc4 Be6 23. Bb3 Bxb3 24. axb3 Ra2 25. Rc3 Re2 26. Rc1 c5 27. b4 h5 28. Kf1 Re4 29. bxc5 Rxf4+ 30. Ke2 bxc5 31. Ke3 Rb4 32. Kd3 Kg7 33. Re1 Rd4+ 34. Ke3 Rd5 35. Kf3 Rd2 36. Rc1 f5 37. g4 fxg4+ 38. hxg4 hxg4+ 39. Kxg4 Ra4+ 40. Kf3 Rd5 41. Rg1 Rf5+ 42. Ke2 Kf6 43. Rcg3 g5 44. Rh3 Rh4 45. Ra3 Rh2+ 46. Kd1 Rff2 47. Rc3 Rhg2 48. Rh1 g4 49. Rh6+ Ke5 50. Rh5+ Kd4 51. Rd3+ Kc4 52. Ra3 Rf1# 0-1


[Site "https://www.chess.com"]

[Event "Titled Tuesday Blitz August 17 2021"]
[White "Gedajlovic, Max"]
[Black "Maksimovic, Bojan"]
[WhiteFideId "2616840"]
[BlackFideId "14408120"]
[WhiteElo "2137"]
[BlackElo "2439"]
[Result "1/2-1/2"]
[Round "11"]
[TimeControl "180+1"]
[Date "2021.08.17"]
[WhiteClock "0:00:08"]
[BlackClock "0:00:10"]

1. d4 Nf6 2. c4 a6 3. Nc3 c5 4. d5 b5 5. cxb5 axb5 6. Nxb5 d6 7. Nc3 Ba6 8. e4 Bxf1 9. Kxf1 g6 10. g3 Bg7 11. Kg2 O-O 12. h3 Nbd7 13. Nf3 Qb6 14. Re1 Rfb8 15. e5 dxe5 16. Nxe5 Nxe5 17. Rxe5 Rb7 18. Qe2 Raa7 19. a4 Ne8 20. a5 Qa6 21. Qxa6 Rxa6 22. Re2 Nd6 23. Be3 Nc4 24. Bxc5 Nxb2 25. Ne4 f5 26. d6 fxe4 27. dxe7 Kf7 28. Rxe4 Rb8 29. Rae1 Re8 30. Bb6 Kg8 31. R1e3 Nd1 32. Rd3 Nc3 33. Rd8 Kf7 34. Re3 Rxe7 35. Rf3+ Bf6 36. Rxf6+ Kxf6 37. Bd4+ Ke6 38. Bxc3 Rc7 39. Bd4 Rac6 40. Bb6 Rf7 41. Rd2 Rf5 42. Re2+ Kd7 43. Rb2 Kc8 44. a6 Rc4 45. a7 Ra4 46. Be3 Rfa5 47. Rb8+ Kd7 48. Rh8 h5 49. Rh6 Ra6 50. h4 Ke7 51. Rh7+ Kf6 52. Rc7 Kf5 53. Rc5+ Kf6 54. Rg5 Kf7 55. Rb5 Ra2 56. Rb7+ Kf6 57. Kh3 R2a3 58. Kg2 Kf5 59. Rb5+ Ke6 60. Rb6+ Rxb6 61. Bxb6 Kf5 62. Be3 Ke4 63. Kf1 Kf3 64. Ke1 Ra2 65. Kd1 Ke4 66. Kc1 Kd3 67. Kb1 Ra4 68. Kb2 Kc4 69. Kc2 Ra2+ 70. Kb1 Ra4 71. Kb2 Ra5 72. f3 Ra4 73. Kc2 Ra2+ 74. Kb1 Ra3 75. Kb2 Ra4 76. g4 hxg4 77. fxg4 Kd5 78. h5 gxh5 79. gxh5 Kc6 80. h6 Kb7 81. Kc3 Rh4 82. Kd3 Rh3 83. Ke2 Rh2+ 84. Kf3 Rh3+ 85. Kf2 Rh2+ 86. Kg3 Rh5 87. Kg4 Rh1 88. Bg5 Rxh6 89. Bxh6 Ka8 90. Be3 Kb7 91. Kf5 Ka8 92. Ke6 Kb7 93. Kd5 Ka8 94. Ke4 Kb7 95. Kf3 Ka8 96. Kg2 Kb7 97. a8=Q+ Kxa8 1/2-1/2


[Site "https://www.chess.com"]

[Event "Titled Tuesday Blitz August 17 2021"]
[White "Gedgafov, Chamal"]
[Black "Buscar, Michael"]
[WhiteFideId "34130621"]
[BlackFideId "2603616"]
[WhiteElo "2005"]
[BlackElo "2010"]
[Result "0-1"]
[Round "11"]
[TimeControl "180+1"]
[Date "2021.08.18"]
[WhiteClock "0:00:13"]
[BlackClock "0:00:08"]

1. d4 Nf6 2. c4 e6 3. Nc3 c5 4. d5 exd5 5. cxd5 d6 6. Nf3 g6 7. Nd2 Bg7 8. Nc4 a6 9. a4 O-O 10. Bf4 Ne8 11. Qd2 Qe7 12. Nb6 Nc7 13. e3 Nd7 14. Nxa8 Nxa8 15. Bc4 Nab6 16. Be2 Ne5 17. O-O Bf5 18. a5 Nbc4 19. Bxc4 Nxc4 20. Qe2 Ne5 21. Rfd1 Re8 22. h3 g5 23. Bg3 g4 24. hxg4 Bxg4 25. f3 Bd7 26. e4 h5 27. Qf2 Ng6 28. Kf1 h4 29. Bh2 h3 30. g3 Ne5 31. Rd2 Qf6 32. f4 Nc4 33. Re2 Nxb2 34. Rxb2 Qxc3 35. Re1 Qxb2 36. Qxb2 Bxb2 37. Rb1 Bb5+ 38. Kf2 Bd4+ 39. Kf3 f5 40. e5 dxe5 41. fxe5 Rxe5 42. g4 Re3+ 43. Kf4 fxg4 44. Kxg4 Kf7 45. Bd6 Ke8 46. Rh1 Kd7 47. Bb8 Bc4 48. Kh4 Bxd5 49. Rg1 Re4+ 50. Rg4 Bf6+ 51. Kh5 Bf7+ 52. Kh6 Rxg4 53. Bg3 Rxg3 54. Kh7 h2 0-1


[Site "https://www.chess.com"]

[Event "Titled Tuesday Blitz August 17 2021"]
[White "Gelman, Alexander"]
[Black "Melikhov, Evgeny V."]
[WhiteFideId "4118316"]
[BlackFideId "4122046"]
[WhiteElo "2375"]
[BlackElo "1957"]
[Result "1-0"]
[Round "11"]
[TimeControl "180+1"]
[Date "2021.08.17"]
[WhiteClock "0:00:32"]
[BlackClock "0:00:04"]

1. d4 Nf6 2. Nc3 d5 3. Bf4 c5 4. e3 cxd4 5. exd4 a6 6. Nf3 Nc6 7. Ne5 Bf5 8. g4 Bg6 9. h4 h6 10. Nxg6 fxg6 11. Qd3 Kf7 12. O-O-O e6 13. Bh3 Bd6 14. Ne2 Ne4 15. Qe3 g5 16. Bxd6 Qxd6 17. Bg2 gxh4 18. Rxh4 g5 19. Rhh1 Nf6 20. f4 Nxg4 21. Qf3 h5 22. fxg5+ Ke7 23. Nf4 Raf8 24. Ng6+ Kd7 25. Nxf8+ Rxf8 26. Qb3 Nf2 27. Qxb7+ Qc7 28. Qxa6 Nxh1 29. Bxh1 Rf2 30. Qd3 Nb4 31. Qb5+ Qc6 32. Qxc6+ Kxc6 33. c3 Na6 34. g6 Rf8 35. Rg1 Rg8 36. Bf3 h4 37. Bh5 Rg7 38. Rh1 Kd6 39. Rxh4 e5 40. dxe5+ Kxe5 41. a4 Nc5 42. a5 Nb3+ 43. Kc2 Nxa5 44. b3 Nc6 45. Kd3 Kf6 46. Rf4+ Kg5 47. Rf7 Ne5+ 48. Kd4 Rxg6 49. Bxg6 Nxf7 50. Bxf7 1-0


[Site "https://www.chess.com"]

[Event "Titled Tuesday Blitz August 17 2021"]
[White "Girinath, P.D.S."]
[Black "Matthiesen, Martin"]
[WhiteFideId "5000572"]
[BlackFideId "1404067"]
[WhiteElo "2333"]
[BlackElo "2337"]
[Result "1-0"]
[Round "11"]
[TimeControl "180+1"]
[Date "2021.08.17"]
[WhiteClock "0:00:07"]
[BlackClock "0:00:01"]

1. e4 c6 2. d4 d5 3. exd5 cxd5 4. c4 Nf6 5. Nc3 e6 6. Nf3 Bb4 7. Bd3 dxc4 8. Bxc4 O-O 9. O-O b6 10. Re1 Bb7 11. Bg5 Bxc3 12. bxc3 Nbd7 13. Bb3 Qc7 14. c4 h6 15. Bh4 Qf4 16. Bg3 Qg4 17. h3 Qh5 18. Ne5 Qxd1 19. Raxd1 Rfd8 20. f3 Rac8 21. Nxd7 Rxd7 22. Be5 Ne8 23. Re3 Nd6 24. Rc3 Nf5 25. g4 Nh4 26. Kf2 Ng6 27. Bg3 Rcd8 28. Rcd3 Bc6 29. d5 exd5 30. cxd5 Bb5 31. Rd4 Ne7 32. a4 Ba6 33. d6 Nc6 34. R4d2 Na5 35. Bd5 Bc4 36. Rd4 Bxd5 37. Rxd5 Nc4 38. R1d4 Na5 39. Rd2 f6 40. f4 Kf7 41. f5 Rc8 42. Re2 Rc4 43. Rd3 Rxa4 44. Rde3 Rd4 45. Re7+ Rxe7 46. Rxe7+ Kf8 47. Rxa7 Nc4 48. d7 Ke7 49. d8=Q+ Kxd8 50. Rxg7 Ne5 51. Bxe5 fxe5 52. Rg6 Kc7 53. Rxh6 b5 54. Re6 b4 55. Rxe5 Kc6 56. Re8 Rd5 57. f6 Rd7 58. g5 b3 59. Rb8 Rb7 60. Rxb7 Kxb7 61. f7 b2 62. f8=Q b1=Q 63. Qf7+ Kb6 64. Qf6+ Kb7 65. Qf3+ 1-0


[Site "https://www.chess.com"]

[Event "Titled Tuesday Blitz August 17 2021"]
[White "Golizadeh, Asghar"]
[Black "Bilan, Danila"]
[WhiteFideId "12505269"]
[BlackFideId "24161918"]
[WhiteElo "2403"]
[BlackElo "2164"]
[Result "0-1"]
[Round "11"]
[TimeControl "180+1"]
[Date "2021.08.17"]
[WhiteClock "0:00:40"]
[BlackClock "0:00:17"]

1. e4 c6 2. d4 d5 3. Nd2 dxe4 4. Nxe4 Bf5 5. Ng3 Bg6 6. h4 h6 7. Nf3 Nd7 8. h5 Bh7 9. Bd3 Bxd3 10. Qxd3 Qc7 11. Bd2 e6 12. O-O-O Bd6 13. Ne4 Ngf6 14. g3 Nxe4 15. Qxe4 O-O-O 16. Kb1 Nf6 17. Qe2 c5 18. c4 Qc6 19. Be3 Qe4+ 20. Ka1 Ng4 21. Rh4 Be7 22. Nd2 Qc2 23. Rxg4 f5 24. Rxg7 Bf6 25. Rf7 cxd4 26. Qf3 Rd5 27. cxd5 dxe3 28. dxe6 Qxb2# 0-1


[Site "https://www.chess.com"]

[Event "Titled Tuesday Blitz August 17 2021"]
[White "Golubenko, Valentina"]
[Black "Pires, Marcos Vinicius Torsani"]
[WhiteFideId "4501993"]
[BlackFideId "2118939"]
[WhiteElo "2164"]
[BlackElo "2273"]
[Result "1-0"]
[Round "11"]
[TimeControl "180+1"]
[Date "2021.08.18"]
[WhiteClock "0:00:07"]
[BlackClock "0:00:19"]

1. d4 d5 2. g3 Nf6 3. Bg2 e6 4. Nf3 Be7 5. O-O O-O 6. c4 Nbd7 7. Nc3 c6 8. b3 b6 9. Bb2 Bb7 10. Rc1 Rc8 11. cxd5 cxd5 12. Nb5 Rxc1 13. Qxc1 a6 14. Nc3 Qb8 15. Ba3 Bd6 16. Bxd6 Qxd6 17. Qd2 Rc8 18. Rc1 h6 19. Qd3 Ne4 20. Nd2 Nxd2 21. Qxd2 Qb4 22. e3 Nf6 23. Qb2 a5 24. a3 Qd6 25. Nb5 Qd7 26. a4 Ba6 27. Bf1 Rxc1 28. Qxc1 Bxb5 29. Bxb5 Qd6 30. Qc8+ Kh7 31. Qb7 Qf8 32. Qxb6 Qb4 33. Qc7 Qe1+ 34. Kg2 Kg6 35. Bd3+ Ne4 36. Bxe4+ dxe4 37. Qf4 f5 38. Qe5 Kf7 39. d5 exd5 40. Qxf5+ Kg8 41. Qxd5+ Kh8 42. Qxe4 Qc3 43. Qe6 Qb4 44. Qc4 Qb7+ 45. e4 Kh7 46. Qd5 Qb4 47. e5 h5 48. e6 h4 49. e7 Qxe7 50. Qh5+ Kg8 51. Qxh4 Qb7+ 52. Kg1 Qxb3 53. Qd4 Qb1+ 54. Kg2 Qb7+ 55. Kh3 Qc8+ 56. Kg2 Qc6+ 57. f3 Qc2+ 58. Kh3 Qf5+ 59. g4 Qxf3+ 60. Kh4 Qa8 61. Kg5 Qe8 62. Qd5+ Kh8 63. Kf5 Qxa4 64. g5 Qc2+ 65. Ke6 Qg6+ 66. Ke7 a4 67. Qa8+ Kh7 68. Qxa4 Qxg5+ 69. Kf7 Qf6+ 70. Ke8 Qe5+ 71. Kf7 Qxh2 72. Qe4+ Kh8 73. Qa8+ Kh7 74. Qe4+ Kh8 75. Qa8+ Kh7 76. Qg8+ Kh6 77. Qh8+ Kg5 78. Qxh2 1-0


[Site "https://www.chess.com"]

[Event "Titled Tuesday Blitz August 17 2021"]
[White "Gontcharov, Vladislav"]
[Black "Firat, Burak"]
[WhiteFideId "4123492"]
[BlackFideId "6305881"]
[WhiteElo "2503"]
[BlackElo "2531"]
[Result "0-1"]
[Round "11"]
[TimeControl "180+1"]
[Date "2021.08.17"]
[WhiteClock "0:00:15"]
[BlackClock "0:00:12"]

1. e4 e5 2. Nf3 Nc6 3. Bb5 a6 4. Ba4 Nf6 5. O-O Be7 6. Re1 b5 7. Bb3 d6 8. c3 O-O 9. h3 Na5 10. Bc2 c5 11. d4 Qc7 12. Nbd2 Nd7 13. Nf1 Re8 14. Ng3 Bf8 15. a4 Bb7 16. d5 c4 17. axb5 axb5 18. Nf5 Nc5 19. Nh2 Bc8 20. Ng4 Bxf5 21. exf5 f6 22. Be3 Nab3 23. Rb1 Qb7 24. f3 b4 25. cxb4 Qxb4 26. Nf2 Ra2 27. Re2 Be7 28. g4 Bd8 29. h4 Bb6 30. g5 Nd7 31. Bxb3 cxb3 32. Bxb6 Qxb6 33. Kg2 Nc5 34. Ng4 Kf7 35. Ne3 Qb4 36. Ng4 Qf4 37. Qd2 Qxd2 38. Rxd2 Rea8 39. gxf6 gxf6 40. Nf2 R8a4 41. Kg3 Rc4 42. Nd3 Rd4 43. Rbd1 Nxd3 44. Rxd3 Rxd3 45. Rxd3 Rxb2 46. Rc3 Kg7 47. Rc7+ Kh6 48. Rc6 Rb1 49. Rb6 b2 50. Kg2 Kh5 51. Rb4 Kh6 52. Rb6 Kg7 53. Rb7+ Kf8 54. h5 h6 55. Kh2 Ke8 56. Kg2 Kd8 57. Kh2 Kc8 58. Rb5 Kc7 59. Rb3 Rf1 60. Rxb2 Rxf3 61. Ra2 Rxf5 62. Ra7+ Kb6 63. Rf7 Rxh5+ 64. Kg3 Rf5 65. Kg4 Rf4+ 66. Kg3 Kc5 67. Rh7 Kxd5 68. Rxh6 Ke4 69. Rh1 d5 70. Re1+ Kf5 71. Rd1 d4 72. Rd2 Rg4+ 73. Kf3 Rf4+ 74. Kg3 Ke6 75. Rd1 Kd5 76. Ra1 d3 77. Ra8 Rd4 78. Rd8+ Ke6 79. Re8+ Kf5 0-1


[Site "https://www.chess.com"]

[Event "Titled Tuesday Blitz August 17 2021"]
[White "Gunduz, Umut Erdem"]
[Black "Hamley, Ryan"]
[WhiteFideId "6381383"]
[BlackFideId "30959497"]
[WhiteElo "2096"]
[BlackElo "2418"]
[Result "1-0"]
[Round "11"]
[TimeControl "180+1"]
[Date "2021.08.17"]
[WhiteClock "0:00:48"]
[BlackClock "0:00:06"]

1. e4 e5 2. Nf3 Nc6 3. Bb5 a6 4. Ba4 Nf6 5. O-O Bc5 6. c3 b5 7. Bc2 d6 8. h3 h6 9. d3 O-O 10. Nbd2 Bb6 11. Re1 Ne7 12. Nf1 Ng6 13. Ng3 Be6 14. d4 Re8 15. Be3 c5 16. d5 Bd7 17. Qd2 c4 18. b4 Bxe3 19. Qxe3 Qc7 20. a4 Nf4 21. Ne2 Ng6 22. Ra3 Nh5 23. Rea1 Qb7 24. axb5 Bxb5 25. Ba4 Nhf4 26. Nxf4 Nxf4 27. Bxb5 axb5 28. Ra7 Rxa7 29. Rxa7 Qc8 30. Nh4 Qd8 31. Nf5 Qg5 32. Qf3 Rd8 33. h4 Qf6 34. g3 Nd3 35. Ne7+ Kf8 36. Qxf6 gxf6 37. Nf5 h5 38. Rb7 Nc1 39. Kf1 Na2 40. g4 hxg4 41. h5 Nxc3 42. h6 Kg8 43. h7+ Kxh7 44. Rxf7+ Kg8 45. Rg7+ Kf8 46. Rxg4 Na2 47. Ng7 Ra8 48. Ne6+ Kf7 49. Rg7+ Ke8 50. Rg8+ Kf7 51. Rxa8 Nxb4 52. Rb8 c3 53. Ke2 c2 54. Kd2 f5 55. f3 fxe4 56. fxe4 Kf6 57. Rxb5 1-0


[Site "https://www.chess.com"]

[Event "Titled Tuesday Blitz August 17 2021"]
[White "Gunina, Valentina"]
[Black "Chernobay, Artem"]
[WhiteFideId "4167570"]
[BlackFideId "4167406"]
[WhiteElo "2399"]
[BlackElo "2480"]
[Result "1-0"]
[Round "11"]
[TimeControl "180+1"]
[Date "2021.08.17"]
[WhiteClock "0:02:05"]
[BlackClock "0:01:11"]

1. d4 Nf6 2. c4 g6 3. Nc3 Bg7 4. e4 d6 5. Nf3 O-O 6. Be2 e5 7. O-O Nc6 8. Be3 Ng4 9. Bg5 f6 10. Bh4 h5 11. h3 Nh6 12. dxe5 dxe5 13. Qe1 Qe7 14. Nd5 Qf7 15. Rd1 Be6 16. c5 Rad8 17. Bc4 Kh8 18. Qc3 Kh7 19. Bxf6 Bxd5 20. Ng5+ Kg8 21. Nxf7 Bxf7 22. Bxd8 1-0


[Site "https://www.chess.com"]

[Event "Titled Tuesday Blitz August 17 2021"]
[White "Hambleton, Aman"]
[Black "Koellner, Ruben Gideon"]
[WhiteFideId "2606577"]
[BlackFideId "12993093"]
[WhiteElo "2552"]
[BlackElo "2530"]
[Result "1-0"]
[Round "11"]
[TimeControl "180+1"]
[Date "2021.08.17"]
[WhiteClock "0:00:01"]
[BlackClock "0:00:01"]

1. e4 d6 2. d4 Nf6 3. f3 e5 4. dxe5 dxe5 5. Qxd8+ Kxd8 6. Bc4 Be6 7. Bxe6 fxe6 8. Be3 Bd6 9. Nd2 Ke7 10. O-O-O a6 11. Ne2 Nbd7 12. Nc4 b5 13. Na5 Rhc8 14. Nc6+ Kf7 15. Rd3 Nb8 16. Na5 Bb4 17. Bd2 Be7 18. Rd1 c5 19. Nb7 Nc6 20. c3 c4 21. Nd6+ Kf8 22. Nxc8 cxd3 23. Nxe7 dxe2 24. Nxc6 exd1=Q+ 25. Kxd1 Nd7 26. Be3 Kf7 27. Nb4 a5 28. Nd3 Kf6 29. Kc2 a4 30. Bf2 h6 31. Bg3 g5 32. h4 Rg8 33. Nf2 Ke7 34. h5 Nf6 35. Bxe5 Nxh5 36. Ng4 Rg6 37. b3 axb3+ 38. axb3 Nf4 39. g3 Nh5 40. Kd3 Ng7 41. Bxg7 Rxg7 42. Nxh6 Rh7 43. Ng4 Rh3 44. c4 bxc4+ 45. bxc4 Rxg3 46. Ke3 Kd6 47. Nf2 Rg1 48. Nd3 Ra1 49. Kd4 Rd1 50. Ke3 Kc6 51. Ke2 Ra1 52. Ne5+ Kc5 53. Nf7 Rg1 54. Kf2 Rc1 55. Nxg5 e5 56. Nf7 Kd4 57. Nd6 Kc5 58. Nf7 Kd4 59. Nd6 Rc2+ 60. Kg3 Kc5 61. Nf7 Kd4 62. Nd6 Kc5 63. Nf5 Rxc4 64. Kg4 Rc1 65. Kg3 Rg1+ 66. Kf2 Rb1 67. Kg2 Rb2+ 68. Kg3 Rb1 69. Nh6 Kd4 70. Kf2 Rb2+ 71. Kg3 Ke3 72. Nf7 Rb5 73. Ng5 Rb3 74. Nf7 Kd4 75. Kg4 Rb2 76. Ng5 Rg2+ 77. Kf5 Rg3 78. Ne6+ Ke3 79. Ng5 Kd4 80. Ne6+ Ke3 81. Kxe5 Rxf3 82. Kd5 Kd3 83. Nc5+ Kc3 84. e5 Re3 85. Ne4+ Kd3 86. Nf2+ Ke2 87. Ne4 Kf3 88. Ng5+ Kf4 89. Nf7 Kf5 90. Nd6+ Kf4 91. Nc4 Re4 92. e6 Re1 93. Nd6 1-0


[Site "https://www.chess.com"]

[Event "Titled Tuesday Blitz August 17 2021"]
[White "Holt, Conrad"]
[Black "Grachev, Boris"]
[WhiteFideId "2034387"]
[BlackFideId "4129199"]
[WhiteElo "2586"]
[BlackElo "2580"]
[Result "1-0"]
[Round "11"]
[TimeControl "180+1"]
[Date "2021.08.17"]
[WhiteClock "0:00:05"]
[BlackClock "0:00:01"]

1. d4 d5 2. c4 e6 3. Nc3 a6 4. cxd5 exd5 5. Bf4 Nf6 6. e3 c5 7. Bd3 Nc6 8. Nge2 cxd4 9. Nxd4 Nxd4 10. exd4 Bd6 11. Qf3 Bxf4 12. Qxf4 O-O 13. O-O Be6 14. Rfe1 Qb6 15. Rab1 Rac8 16. Re5 h6 17. h3 Qc7 18. Qe3 Rfe8 19. Re1 Qd6 20. Qg3 Nd7 21. Nxd5 Nxe5 22. Nf6+ Kf8 23. Nxe8 Qxd4 24. Nxg7 Nxd3 25. Nxe6+ fxe6 26. Rxe6 Nf4 27. Re1 Re8 28. Qa3+ Kf7 29. Rxe8 Kxe8 30. Qb3 Nd3 31. Qg8+ Kd7 32. Qf7+ Kc6 33. Qe6+ Qd6 34. Qe4+ Kc7 35. Qe2 Nf4 36. Qc2+ Qc6 37. Qh7+ Kb6 38. Qg8 Ne2+ 39. Kh2 Qd6+ 40. g3 Nd4 41. Qc4 Qc5 42. Qd3 Nc6 43. Qb3+ Qb5 44. Qe3+ Qc5 45. Qd2 Qd4 46. Qe2 Kc5 47. h4 Kd5 48. Qf3+ Qe4 49. Qf7+ Qe6 50. Qxb7 Qf6 51. Qb3+ Kd6 52. Qd3+ Kc7 53. Qc2 Kd6 54. Kg2 Qe5 55. Qc1 Qd5+ 56. Kg1 Ne5 57. Qxh6+ Kc5 58. Qe3+ Kd6 59. Qa3+ Kd7 60. Qb3 Qe4 61. Kf1 Qh1+ 62. Ke2 Qe4+ 63. Kf1 Qh1+ 64. Ke2 Qe4+ 65. Qe3 Qc4+ 66. Kd1 Qd5+ 67. Qd2 Nd3 68. Kc2 Qc4+ 69. Kb1 Ke6 70. a3 Qe4 71. Ka1 Nc5 72. Qd1 Qc4 73. h5 Nb3+ 74. Kb1 Qe4+ 75. Ka2 1-0


[Site "https://www.chess.com"]

[Event "Titled Tuesday Blitz August 17 2021"]
[White "Ibarra Jerez, Jose Carlos"]
[Black "Sapunov, Evgeny"]
[WhiteFideId "2226332"]
[BlackFideId "4126661"]
[WhiteElo "2602"]
[BlackElo "2470"]
[Result "1-0"]
[Round "11"]
[TimeControl "180+1"]
[Date "2021.08.17"]
[WhiteClock "0:00:16"]
[BlackClock "0:00:10"]

1. Nf3 Nf6 2. g3 g6 3. b3 Bg7 4. Bb2 O-O 5. Bg2 d6 6. d4 Nbd7 7. O-O Re8 8. c4 c6 9. Qd2 Ne4 10. Qc2 Ndf6 11. Ne1 d5 12. Nd3 Bf5 13. f3 Nd6 14. Nd2 Rc8 15. Rae1 Bxd3 16. Qxd3 e6 17. e4 Nd7 18. e5 Nf5 19. f4 Qb6 20. c5 Qb5 21. Qc3 b6 22. a4 Qa6 23. b4 bxc5 24. dxc5 Rb8 25. Ra1 d4 26. Qa3 Ne3 27. Bxd4 Nxg2 28. Kxg2 f6 29. exf6 Nxf6 30. Rae1 Nd5 31. Bxg7 Kxg7 32. Re4 Kg8 33. Rfe1 Re7 34. Nf3 Reb7 35. Rxe6 Rxb4 36. Qa1 Rb2+ 37. Kh3 Qd3 38. Re8+ Rxe8 39. Rxe8+ Kf7 40. Ne5+ Kxe8 41. Nxd3 1-0


[Site "https://www.chess.com"]

[Event "Titled Tuesday Blitz August 17 2021"]
[White "Iskusnyh, Sergei"]
[Black "Leitao, Rafael"]
[WhiteFideId "4120027"]
[BlackFideId "2101246"]
[WhiteElo "2492"]
[BlackElo "2609"]
[Result "1/2-1/2"]
[Round "11"]
[TimeControl "180+1"]
[Date "2021.08.17"]
[WhiteClock "0:00:10"]
[BlackClock "0:00:20"]

1. d4 Nf6 2. c4 g6 3. g3 Bg7 4. Bg2 c5 5. dxc5 Qa5+ 6. Nc3 Qxc5 7. Bd2 Qc7 8. Rc1 O-O 9. Nh3 d6 10. Nf4 Nc6 11. Ncd5 Qd8 12. Bc3 Nxd5 13. Nxd5 Bxc3+ 14. Rxc3 Be6 15. O-O Rc8 16. Qd2 Ne5 17. Rfc1 Qd7 18. Ne3 b5 19. cxb5 Rxc3 20. Rxc3 Qxb5 21. Bd5 Bd7 22. Rc7 Rb8 23. Rxa7 Qb6 24. Ra5 Qxb2 25. Qxb2 Rxb2 26. Nc4 Rxe2 27. Nxe5 Rxe5 28. f4 Re2 29. Ra7 Bg4 30. a4 Kf8 31. a5 Rd2 32. Bc6 Ra2 33. a6 Be2 34. Bb7 Kg7 35. Bd5 Ra1+ 36. Kf2 Bxa6 37. Bc4 Bxc4 38. Rxa1 Be6 39. Ke3 Kf6 40. Ra7 h5 41. Rb7 Bf5 42. Ra7 Be6 43. Rb7 Bf5 44. Ra7 Be6 1/2-1/2


[Site "https://www.chess.com"]

[Event "Titled Tuesday Blitz August 17 2021"]
[White "Ivanisevic, Ivan"]
[Black "Tregubov, Pavel V."]
[WhiteFideId "912417"]
[BlackFideId "4115341"]
[WhiteElo "2499"]
[BlackElo "2423"]
[Result "1-0"]
[Round "11"]
[TimeControl "180+1"]
[Date "2021.08.17"]
[WhiteClock "0:01:31"]
[BlackClock "0:01:24"]

1. d4 Nf6 2. c4 e6 3. Nc3 Bb4 4. e3 O-O 5. Ne2 d5 6. a3 Be7 7. cxd5 exd5 8. h3 Re8 9. g4 Bf8 10. Bg2 c6 11. O-O h5 12. f3 c5 13. g5 Nfd7 14. Nxd5 Nc6 15. f4 cxd4 16. exd4 Nb6 17. Nxb6 Qxb6 18. f5 Nxd4 19. Nxd4 Bc5 20. Rf4 Rd8 21. Be3 Bxf5 22. b4 1-0


[Site "https://www.chess.com"]

[Event "Titled Tuesday Blitz August 17 2021"]
[White "Ivanov, Oleg"]
[Black "FGHSMN"]
[WhiteFideId "4103114"]
[WhiteElo "2694"]
[BlackElo "2590"]
[Result "1-0"]
[Round "11"]
[TimeControl "180+1"]
[Date "2021.08.17"]
[WhiteClock "0:00:05"]
[BlackClock "0:00:09"]

1. e4 c5 2. Nf3 e6 3. g3 Nc6 4. Bg2 Nf6 5. Qe2 d6 6. O-O Be7 7. c3 O-O 8. Rd1 Bd7 9. d4 cxd4 10. cxd4 Rc8 11. Nc3 Re8 12. h3 a6 13. Bf4 Bf8 14. Qd2 b5 15. e5 b4 16. exf6 bxc3 17. bxc3 Qxf6 18. c4 h6 19. Rab1 Red8 20. Rb7 Be8 21. Be3 d5 22. c5 e5 23. dxe5 Nxe5 24. Nxe5 Qxe5 25. Bd4 Qf5 26. Rc1 Bb5 27. Qf4 Qg6 28. Rb6 Rc6 29. Rxc6 Qxc6 30. Qd2 Be7 31. Qe3 Bf6 32. Qc3 Bxd4 33. Qxd4 Qc7 34. Rd1 Bc4 35. Rc1 Qa5 36. Rc2 Qe1+ 37. Kh2 Qe6 38. Rxc4 dxc4 39. Qxd8+ Kh7 40. Qd4 c3 41. Qxc3 Qxa2 42. c6 Qe6 43. c7 Qc8 44. Bb7 Qxb7 45. c8=Q Qb6 46. Qc2+ g6 47. Q8c7 Qf6 48. Q7c3 Qe6 49. Qa3 h5 50. h4 Qb6 51. Qca2 Kh6 52. Qxa6 Qd4 53. Qxf7 Qxh4+ 54. Kg2 Qe4+ 55. Kg1 Qe1+ 56. Qf1 Qe5 57. Qf4+ Kh7 58. Qxe5 h4 59. Qh3 g5 60. Qd7+ Kh6 61. Qee6+ Kh5 62. Qh7# 1-0


[Site "https://www.chess.com"]

[Event "Titled Tuesday Blitz August 17 2021"]
[White "Janaszak, Dawid"]
[Black "Matinian, Nikita"]
[WhiteFideId "1119206"]
[BlackFideId "24129100"]
[WhiteElo "2332"]
[BlackElo "2410"]
[Result "0-1"]
[Round "11"]
[TimeControl "180+1"]
[Date "2021.08.17"]
[WhiteClock "0:00:16"]
[BlackClock "0:02:21"]

1. e4 c5 2. Nc3 Nc6 3. Bb5 Nd4 4. Nf3 g6 5. Nxd4 cxd4 6. Ne2 Bg7 7. O-O a6 8. Bd3 Nf6 9. b3 d5 10. e5 Nd7 11. f4 f6 12. exf6 Nxf6 13. Bb2 Ne4 14. Bxd4 Bxd4+ 15. Nxd4 Qb6 16. c3 Bf5 17. Kh1 h5 18. Nxf5 gxf5 19. Bxe4 dxe4 20. d4 h4 21. h3 O-O-O 22. Qe2 Rdg8 23. Rad1 Rg3 24. Qc4+ Kb8 25. Rf2 Rhg8 26. Re2 Qg6 27. Rdd2 Rxh3+ 28. Kg1 Rg3 29. Rf2 e3 0-1


[Site "https://www.chess.com"]

[Event "Titled Tuesday Blitz August 17 2021"]
[White "Kadam, Om Manish"]
[Black "Janiashvili, Mariami"]
[WhiteFideId "45076294"]
[BlackFideId "13612077"]
[WhiteElo "1729"]
[BlackElo "1795"]
[Result "1-0"]
[Round "11"]
[TimeControl "180+1"]
[Date "2021.08.17"]
[WhiteClock "0:01:02"]
[BlackClock "0:00:35"]

1. e4 d5 2. exd5 Qxd5 3. Nc3 Qa5 4. d4 Nf6 5. Nf3 Bg4 6. Be2 Nc6 7. h3 Bh5 8. Be3 O-O-O 9. O-O e5 10. Nxe5 Bxe2 11. Qxe2 Nxe5 12. dxe5 Qxe5 13. Rad1 Bd6 14. f4 Qe6 15. Qf2 Rhe8 16. Rfe1 Qc4 17. Bd4 Rxe1+ 18. Rxe1 Nd5 19. Nxd5 Qxd5 20. c3 a6 21. Bxg7 Rg8 22. Be5 Bc5 23. Bd4 Bxd4 24. cxd4 Qxa2 25. Kh2 Qd5 26. Re7 Kb8 27. Qc2 c6 28. Qf2 Rd8 29. h4 Rd7 30. Rxd7 Qxd7 31. f5 Qd5 32. Qf4+ Ka7 33. g4 Qb5 34. Qf2 Qd3 35. d5+ Kb8 36. dxc6 bxc6 37. Qb6+ Ka8 38. Qxc6+ Kb8 39. Qc5 Qe2+ 40. Kg3 Qe1+ 41. Qf2 Qe4 42. Qf4+ Qxf4+ 43. Kxf4 Kc7 44. Kg5 Kd7 45. Kf6 Ke8 46. Kg7 Ke7 47. b4 a5 48. bxa5 1-0


[Site "https://www.chess.com"]

[Event "Titled Tuesday Blitz August 17 2021"]
[White "Kanyamarala, Trisha"]
[Black "Ronka, Erik"]
[WhiteFideId "45004722"]
[BlackFideId "505080"]
[WhiteElo "2074"]
[BlackElo "2264"]
[Result "0-1"]
[Round "11"]
[TimeControl "180+1"]
[Date "2021.08.17"]
[WhiteClock "0:00:07"]
[BlackClock "0:00:05"]

1. d4 d5 2. c4 e6 3. Nc3 a6 4. cxd5 exd5 5. Nf3 Nf6 6. Bg5 Be6 7. e3 Nbd7 8. Bd3 h6 9. Bh4 g5 10. Bg3 Nh5 11. Be5 Ng7 12. Qb3 g4 13. Nd2 Nxe5 14. dxe5 b5 15. Qc2 d4 16. exd4 Qxd4 17. Be4 Rd8 18. Rd1 Qxe5 19. O-O Bd6 20. Bc6+ Kf8 21. g3 h5 22. Nde4 Bf5 23. Rd5 Qe6 24. Qd3 h4 25. Qd4 Qg6 26. Nxd6 Rxd6 27. Rxd6 Qxd6 28. Qxd6+ cxd6 29. Rd1 Ke7 30. Nd5+ Kd8 31. Nb4 Kc7 32. Rc1 Kb6 33. Nd5+ Ka7 34. Ne3 hxg3 35. fxg3 Be6 36. Be4 Rc8 37. Rd1 Rd8 38. b3 Kb6 39. Bd5 Bxd5 40. Nxd5+ Kc5 41. Kf2 Ne6 42. Ke3 f5 43. Nc3 d5 44. Ne2 d4+ 45. Kd3 Kd5 46. Rc1 Nc5+ 47. Kd2 Ne4+ 48. Kd3 Nc5+ 49. Kd2 d3 50. Nf4+ Kd4 51. Re1 Ne4+ 52. Kd1 Rc8 53. Ne6+ Kc3 54. Re3 Kb2 55. Rxd3 Rc1+ 56. Ke2 Rc2+ 57. Ke3 Rxh2 58. Nc5 Nxc5 0-1


[Site "https://www.chess.com"]